 Dungeon Crawl Stone Soup version 0.18.1-48-g4cf74bf (webtiles) character file.

14289 Gargoyl the Nimble (level 11, 0/89 HPs)
             Began as a Demonspawn Abyssal Knight on Aug 11, 2016.
             Was the Champion of Lugonu.
             Succumbed to Maud's poison
             ... on level 11 of the Dungeon on Aug 12, 2016.
             The game lasted 00:35:17 (16746 turns).

Gargoyl the Nimble (Demonspawn Abyssal Knight)     Turns: 16746, Time: 00:35:18

Health: 0/89       AC: 17    Str: 19 (20) XL:     11   Next: 86%
Magic:  2/22       EV: 17    Int: 13      God:    Lugonu [******]
Gold:   800        SH:  3    Dex: 16      Spells: 0 memorised, 10 levels left

rFire  . . .     SeeInvis .     P - +2 hand axe (elec)
rCold  + . .     Gourm    .     e - +3 ring mail "Hiphenass" {rN+ rCorr}
rNeg   + . .     Faith    .     (no shield)
rPois  .         Spirit   +     (helmet restricted)
rElec  .         Dismiss  .     i - +2 cloak {MR+}
rCorr  +         Reflect  +     (no gloves)
SustAt .         Harm     .     r - +2 pair of boots
MR     +....                    w - +3 amulet of reflection
Stlth  +++.......               y - ring of stealth
                                j - ring of magical power

@: mighty, lethally poisoned (0 -> -23), somewhat resistant to hostile
enchantments, fairly stealthy
A: beak, claws 2, molten scales 1, agile 2, cold resistance 1, deterioration 1,
dopey 1, screaming 1, magic shield
a: Depart the Abyss, Bend Space, Banish, Corrupt, Enter the Abyss, Brand Weapon
With Distortion, Renounce Religion


You were on level 11 of the Dungeon.
You worshipped Lugonu.
Lugonu was exalted by your worship.
You were not hungry.

You visited 1 branch of the dungeon, and saw 11 of its levels.
You visited the Abyss 1 time.

You collected 800 gold pieces.

Inventory:

Hand Weapons
 h - a +0 war axe of draining
 u - a +0 broad axe
 z - a +4 battleaxe of flaming
 P - a +2 hand axe of electrocution (weapon)
Missiles
 b - 5 tomahawks of returning
 o - a steel javelin (quivered)
 q - 26 tomahawks
 B - 2 javelins of returning
Armour
 e - the +3 ring mail "Hiphenass" (worn) {rN+ rCorr}
   (You found it on level 2 of the Abyss)

   It protects you from negative energy.
   It protects you from acid and corrosion.
 i - a +2 cloak of magic resistance (worn)
 k - a +2 helmet
 r - a +2 pair of boots (worn)
Jewellery
 j - a ring of magical power (left claw)
 n - an uncursed ring of flight
 w - a +3 amulet of reflection (around neck)
 y - a ring of stealth (right claw)
 O - an uncursed ring of see invisible {unknown}
Wands
 G - a wand of disintegration (14/24)
Scrolls
 a - a scroll of blinking
 f - 3 scrolls of amnesia
 l - a scroll of enchant armour
 m - a scroll of fear
 p - 5 scrolls of remove curse
 v - a scroll of fog
 E - a scroll of identify
Potions
 g - 4 potions of flight
Books
 K - the Volume of Dhcmrlchtdj
   (You found it on level 10 of the Dungeon)

   Spells                             Type                      Level
   a - Cure Poison                    Poison                       2
   b - Venom Bolt                     Conjuration/Poison           5
 L - Ts'ui Pên's Almanac of Forking Paths
   (You found it on level 10 of the Dungeon)

   Spells                             Type                      Level
   a - Gell's Gravitas                Hexes/Translocation          3
   b - Summon Guardian Golem          Hexes/Summoning              3
   c - Darkness                       Hexes                        6
 M - a book of the Earth

   Spells                             Type                      Level
   a - Leda's Liquefaction            Hexes/Earth                  4
   b - Bolt of Magma                  Conjuration/Fire/Earth       5
   c - Statue Form                    Transmutation/Earth          6
   d - Iron Shot                      Conjuration/Earth            6
   e - Shatter                        Earth                        9
 N - the Handbook of Plaster Cramp
   (You found it on level 10 of the Dungeon)

   Spells                             Type                      Level
   a - Leda's Liquefaction            Hexes/Earth                  4
   b - Lee's Rapid Deconstruction     Earth                        5
Comestibles
 c - 8 bread rations
 d - 4 meat rations
 t - 4 beef jerkies
 x - 5 chunks of flesh
 A - 7 royal jellies
 D - 3 fruits
 F - a slice of pizza


   Skills:
 + Level 9.2 Fighting
 + Level 8.6 Axes
 + Level 1.1 Throwing
 * Level 9.2 Armour
 + Level 9.4 Dodging
 + Level 3.3 Stealth
 + Level 3.9 Invocations


You had 10 spell levels left.
You didn't know any spells.

Dungeon Overview and Level Annotations

Branches:
Dungeon (11/15)            Temple (0/1) D:7            Lair (0/8) D:10
    Orc (0/2) D:9

Altars:
Kikubaaqudgha
Nemelex Xobeh
Okawaru
Pakellas
Trog
Yredelemnul
The Shining One
Beogh

Shops:
D:7 *

Annotations:
D:11 Maud, Sonja
Abyss:1 Snorg


Innate Abilities, Weirdness & Mutations

You have very sharp fingernails.
You are partially covered in molten scales (AC +1).
Your flesh is cold resistant.
When hurt, damage is shared between your health and your magic reserves.
You have a beak for a mouth.
You are very agile. (Dex +4)
Your body sometimes deteriorates upon taking damage.
You are dopey. (Int -2)
You occasionally shout uncontrollably at your foes.


Message History

You are more poisoned.
You hit Maud but do no damage. You peck Maud, but do no damage.
Maud is severely wounded.
You feel sick.
You hit Maud but do no damage.
There is a sudden explosion of sparks!
Maud is almost dead.
You feel sick. Maud hits you with a glaive of venom!
* * * LOW HITPOINT WARNING * * *
You are lethally poisoned!
You hit Maud but do no damage. You peck Maud, but do no damage.
Maud is almost dead.
* * * LOW HITPOINT WARNING * * *
You feel sick. Maud closely misses you.
Drink which item? (? for menu, Esc to quit)
You feel very mighty all of a sudden.
* * * LOW HITPOINT WARNING * * *
You feel sick.
You hit Maud. You peck Maud.
Maud is almost dead.
You die...

##.#### #####'### #...# #... #..#
###.### ####'##### ##.## #.....#
.........# #..# #.....#
.........# ##'##########.....##
.......§(### #....#..............
..!.....('(###(<.)'.######.....##
...(....)#..(#.)..### #.....#
..(..(.5.###('..@.# #.....#
.........# ###..@.# #.....#
########## ###'## #.....# ## #..#
###.### .### #####'### #.### .@.#
#.......# #...## ##'### #.......#
###... ...C.#
####.......#############
.....#####..'.......'....#.......


You could see Maud.

Vanquished Creatures
  3 wizards
  2 hill giants
  An unseen horror (D:11)
  The ghost of Dickchan the Grappler, a novice NaBe of Trog (D:5)
  An ugly thing (D:11)
  2 cyclopes (D:11)
  A deep elf mage (D:11)
  Grinder (D:5)
  Prince Ribbit (D:4)
  3 yaks (D:10)
  A wyvern (D:11)
  A hippogriff (D:11)
  A hungry ghost (D:9)
  Menkaure (D:4)
  2 water moccasins
  Edmund (D:5)
  13 orc warriors
  5 ice beasts
  4 sky beasts
  2 black bears
  A phantom (D:11)
  6 ogres
  3 centaurs
  2 crocodiles
  The ghost of sonic the Firebug, an amateur HuFE of Makhleb (D:4)
  3 big kobolds
  Blork the orc (D:4)
  6 giant frogs
  A gnoll sergeant (D:8)
  3 scorpions
  3 killer bees (D:8)
  14 wights
  The ghost of ayyllmao the Skirmisher, a weakling GrFi (D:3)
  5 crimson imps
  A centaur zombie (D:9)
  2 lava snakes (D:10)
  3 giant frog zombies
  5 hounds
  5 jellies
  2 giant frog skeletons
  10 orc priests
  Crazy Yiuf (D:7)
  4 iguanas
  7 orc wizards
  Jessica (D:2)
  Ijyb (D:3)
  6 worker ants
  A hound skeleton (D:4)
  4 gnolls (D:8)
  19 adders
  2 river rats (D:10)
  A shadow imp (D:5)
  2 adder zombies
  6 oozes
  An adder skeleton (D:7)
  2 worms (D:2)
  2 dart slugs
  5 giant geckos
  90 orcs
  17 bats
  2 giant cockroaches
  7 goblins
  12 hobgoblins
  21 jackals
  27 kobolds
  4 quokkas
  3 giant newts
  A jackal skeleton (D:7)
  A jackal zombie (D:5)
  A quokka zombie (D:5)
  16 rats
  A plant (D:10)
393 creatures vanquished.

Vanquished Creatures (others)
  An ugly thing (D:11)
  A human (D:2)
  An orc priest (D:11)
  An orc (D:11)
  3 fungi (D:10)
7 creatures vanquished.

Grand Total: 400 creatures vanquished

Notes
Turn   | Place    | Note
--------------------------------------------------------------
     0 | Abyss:1  | Gargoyl the Demonspawn Abyssal Knight began the quest for the Orb.
     0 | Abyss:1  | Reached XP level 1. HP: 18/18 MP: 2/2
    39 | Abyss:2  | Got a steaming ring mail
    50 | Abyss:2  | Identified the +3 ring mail "Hiphenass" {rN+ rCorr} (You found it on level 2 of the Abyss)
    96 | Abyss:2  | Noticed a rakshasa
   104 | Abyss:2  | Noticed an orange demon
   104 | D:1      | Escaped the Abyss
   209 | D:1      | Reached skill level 1 in Dodging
   263 | D:1      | Reached * piety under Lugonu
   276 | D:1      | Gained mutation: You have sharp fingernails. [demonic ancestry]
   276 | D:1      | Reached XP level 2. HP: 24/24 MP: 3/3
   685 | D:1      | Found a glowing golden altar of the Shining One.
   734 | D:1      | Gained mutation: You have very sharp fingernails. [demonic ancestry]
   734 | D:1      | Reached XP level 3. HP: 29/29 MP: 4/4
   774 | D:1      | You fall through a shaft!
  1533 | D:1      | You fall through a shaft!
  1801 | D:2      | Reached ** piety under Lugonu
  1818 | D:2      | Reached XP level 4. HP: 26/37 MP: 5/5
  2247 | D:2      | Noticed Jessica
  2257 | D:2      | Killed Jessica
  2257 | D:2      | Gained mutation: When hurt, damage is shared between your health and your magic reserves. [demonic ancestry]
  2257 | D:2      | Reached XP level 5. HP: 42/42 MP: 6/6
  2453 | D:2      | Found an ancient bone altar of Kikubaaqudgha.
  2476 | D:2      | Noticed a human
  2478 | D:2      | Killed a human
  2662 | D:3      | You fall through a shaft for 2 floors!
  2662 | D:5      | Entered Level 5 of the Dungeon
  2662 | D:5      | Noticed an ogre
  2897 | D:3      | Noticed Ijyb
  2933 | D:3      | Killed Ijyb
  3434 | D:3      | Noticed ayyllmao's ghost (weakling GrFi)
  3463 | D:3      | Killed ayyllmao's ghost
  3463 | D:3      | Gained mutation: You are partially covered in molten scales (AC +1). [demonic ancestry]
  3463 | D:3      | Reached XP level 6. HP: 49/49 MP: 8/8
  3514 | D:4      | Noticed Blork the orc
  3520 | D:4      | Reached *** piety under Lugonu
  3527 | D:4      | Killed Blork the orc
  3576 | D:4      | Noticed sonic's ghost (amateur HuFE)
  3579 | D:4      | You fall through a shaft for 3 floors!
  3648 | D:7      | Reached skill level 1 in Stealth
  3885 | D:7      | Noticed a water moccasin
  3929 | D:7      | Killed a water moccasin
  3929 | D:7      | Reached XP level 7. HP: 28/55 MP: 9/9
  4067 | D:7      | Noticed Crazy Yiuf
  4080 | D:7      | Killed Crazy Yiuf
  4369 | D:6      | Reached skill level 5 in Fighting
  4487 | D:5      | Reached skill level 5 in Armour
  4487 | D:5      | Reached XP level 8. HP: 21/62 MP: 7/10
  4710 | D:4      | Reached **** piety under Lugonu
  4840 | D:4      | Noticed Grinder
  4844 | D:4      | Noticed Menkaure
  4897 | D:4      | Killed sonic's ghost
  5062 | D:4      | Killed Menkaure
  5263 | D:4      | Found a sparkling altar of Nemelex Xobeh.
  5276 | D:4      | Found a basalt altar of Yredelemnul.
  5278 | D:4      | Found a bloodstained altar of Trog.
  5279 | D:4      | Found an iron altar of Okawaru.
  5280 | D:4      | Found an oddly glowing altar of Pakellas.
  5351 | D:5      | Noticed Prince Ribbit
  5353 | D:5      | Noticed Edmund
  5413 | D:5      | Killed Edmund
  5452 | D:5      | Killed Grinder
  5452 | D:5      | Reached skill level 5 in Dodging
  5924 | D:4      | Killed Prince Ribbit
  6053 | D:5      | Noticed Dickchan's ghost (novice NaBe)
  6159 | D:5      | Found a sparkling altar of Nemelex Xobeh.
  6224 | D:5      | HP: 3/64 [Dickchan's ghost (3)]
  6576 | D:5      | Reached XP level 9. HP: 37/69 MP: 10/11
  6839 | D:5      | Reached skill level 5 in Axes
  7020 | D:5      | Killed Dickchan's ghost
  9626 | D:7      | Found a staircase to the Ecumenical Temple.
  9747 | D:7      | Reached XP level 10. HP: 79/79 MP: 12/12
  9908 | D:7      | Found Voklut's Assorted Antiques.
 10170 | D:8      | Reached ***** piety under Lugonu
 10355 | D:8      | Gained mutation: You are agile. (Dex +2) [mutagenic meat]
 10357 | D:8      | Gained mutation: Your body sometimes deteriorates upon taking damage. [mutagenic meat]
 10358 | D:8      | Gained mutation: Your magical capacity is low (-10% MP). [mutagenic meat]
 11120 | D:9      | Found a roughly hewn altar of Beogh.
 11415 | D:9      | Found a staircase to the Orcish Mines.
 11959 | D:10     | Entered Level 10 of the Dungeon
 12362 | D:10     | Found a staircase to the Lair.
 12451 | D:10     | Noticed a hill giant
 12476 | D:10     | Killed a hill giant
 12476 | D:10     | Reached skill level 1 in Throwing
 12476 | D:10     | Gained mutation: Your flesh is cold resistant. [demonic ancestry]
 12476 | D:10     | Reached XP level 11. HP: 38/87 MP: 10/12
 12758 | D:10     | Noticed a wizard
 12771 | D:10     | Noticed a wizard
 12785 | D:10     | Killed a wizard
 13030 | D:10     | Identified the Volume of Dhcmrlchtdj
 13037 | D:10     | Identified Ts'ui Pên's Almanac of Forking Paths
 13042 | D:10     | Noticed a deep elf mage
 13043 | D:10     | Noticed a wizard
 13043 | D:10     | Noticed Snorg
 13048 | D:10     | Paralysed by a wizard for 3 turns
 13054 | D:10     | Banished Snorg
 13062 | D:10     | Paralysed by a wizard for 3 turns
 13074 | D:10     | Killed a wizard
 13259 | D:10     | Identified the Handbook of Plaster Cramp
 13759 | D:11     | Killed a wizard
 14030 | D:11     | Killed a deep elf mage
 14030 | D:11     | Reached ****** piety under Lugonu
 14472 | D:11     | Noticed a brown ugly thing
 14499 | D:11     | Killed a brown ugly thing
 14687 | D:11     | Noticed a hill giant
 14690 | D:11     | Noticed Maud
 14697 | D:11     | Noticed Sonja
 14717 | D:11     | Noticed a green ugly thing
 14733 | D:11     | Banished a green ugly thing
 15574 | D:11     | Found a roughly hewn altar of Beogh.
 15620 | D:11     | Gained mutation: You are dopey. (Int -2) [potion of mutation]
 15620 | D:11     | Gained mutation: You have a beak for a mouth. [potion of mutation]
 15620 | D:11     | Lost mutation: Your magical capacity is low (-10% MP). [potion of mutation]
 15919 | D:11     | Noticed a hill giant
 16222 | D:11     | Killed a hill giant
 16227 | D:11     | Gained mutation: You occasionally shout uncontrollably at your foes. [potion of mutation]
 16227 | D:11     | Gained mutation: You are very agile. (Dex +4) [potion of mutation]
 16733 | D:11     | Killed an unseen horror
 16744 | D:11     | HP: 3/89 [poisoned by Maud]
 16745 | D:11     | HP: 1/89 [poisoned by Maud]
 16746 | D:11     | Succumbed to Maud's poison

Skill      XL: |  1  2  3  4  5  6  7  8  9 10 11 |
---------------+----------------------------------+-----
Dodging        | 1 2 3 4 5 6 8 9 |  9.4
Axes           | 2 3 4 6 7 8 |  8.6
Armour         | 2 3 4 5 6 7 8 9 |  9.2
Fighting       | 4 5 6 7 8 9 |  9.2
Stealth        | 1 2 3 |  3.3
Invocations    | 3 |  3.9
Throwing       | 1 |  1.1

Action                   |  1- 3 |  4- 6 |  7- 9 | 10-12 || total
-------------------------+-------+-------+-------+-------++-------
Melee: Hand axe          |   153 |   258 |       |   560 ||   971
       War axe           |       |    36 |   582 |       ||   618
       Battleaxe         |       |       |    32 |   117 ||   149
       Peck              |       |       |       |    18 ||    18
Throw: Tomahawk          |       |       |     6 |     2 ||     8
       Javelin           |       |       |     3 |     3 ||     6
Invok: Depart the Abyss  |     1 |       |       |       ||     1
       Bend Space        |       |     3 |       |       ||     3
       Banish            |       |       |     1 |     2 ||     3
  Use: Potion            |       |    13 |     4 |     8 ||    25
       Scroll            |       |    11 |     9 |     4 ||    24
 Stab: Sleeping          |       |     3 |     1 |     6 ||    10
  Eat: Chunk             |     3 |     8 |    17 |    23 ||    51
       Pizza             |       |       |     2 |       ||     2
       Royal jelly       |       |       |       |     4 ||     4
Armor: Ring mail         |    92 |   169 |   373 |   316 ||   950
       Skin              |       |     4 |       |       ||     4
Dodge: Dodged            |   124 |   181 |   455 |   517 ||  1277
Block: Other             |       |       |     6 |    92 ||    98
       Reflection        |       |       |       |     4 ||     4
